AoeStats
← Gabriel93

African Clearing

510454335Analyzed
4v4 RM · 15h ago on Oct 1, 2026· 63m 55s· 8 players
Game mode
Random Map
Map size
Large (8 player)
Population
200
Speed
Normal
Resources
Standard
Victory
Conquest
Starting age
Dark Age
Ending age
Imperial Age
RankedLock teamsTeams togetherTeam positionsShared explorationLock speedFull tech treeHidden civsTurbo modeCheats
Victory
Defeat
🇺🇸 Vietnamese · United States
1215
+14
🇺🇸 Varangians · United States
1200
+14
🇮🇳 Huns · India
1197
+15
🇺🇸 Saxons · United States
1147
+17
🇺🇸 Mongols · United States
1204
-17
🇺🇾 Saxons · Uruguay
1172
-15
🇦🇷 Huns · Argentina
1169
-15
🇹🇷 Varangians · Türkiye
1117
-13
baha
7:56 Loom
13:58 Feudal Age
17:16 Double-Bit Axe
20:39 Fishing Lines
24:42 Castle Age
23:15 Bloodlines
24:15 Scale Barding Armor
24:53 Gold Mining
26:07 Chain Barding Armor
25:57 Forging
27:27 Husbandry
34:58 Bow Saw
38:54 Wheelbarrow
38:04 Horse Collar
38:18 Gillnets
41:58 Imperial Age
40:15 Iron Casting
41:07 Hand Cart
42:37 Elite Jarl
43:38 Conscription
45:05 Two-Man Saw
44:09 Heavy Plow
45:26 Plate Barding Armor
47:29 Capped Ram
48:29 Town Watch
51:40 Chemistry
51:04 Ballistics
51:45 Chemistry
50:51 Siege Engineers
52:13 Town Patrol
51:47 Siege Ram
60:06 Blast Furnace
59:06 Padded Archer Armor
58:57 Fletching
evertone
12:44 Feudal Age
14:21 Bloodlines
15:18 Forging
15:15 Scale Barding Armor
15:48 Horse Collar
21:37 Loom
31:19 Castle Age
30:21 Wheelbarrow
31:57 Castle Age
29:52 Double-Bit Axe
30:07 Gold Mining
30:13 Stone Mining
38:37 Hand Cart
44:53 Imperial Age
42:09 Town Watch
42:59 Fletching
43:10 Padded Archer Armor
43:17 Thumb Ring
43:57 Stone Shaft Mining
43:41 Husbandry
44:11 Bodkin Arrow
44:32 Leather Archer Armor
44:39 Ballistics
44:57 Elite Mangudai
45:38 Bracer
46:41 Chemistry
46:17 Parthian Tactics
46:34 Conscription
46:58 Town Patrol
47:16 Bow Saw
48:02 Gold Shaft Mining
47:49 Heavy Plow
47:51 Light Cavalry
48:52 Chain Barding Armor
49:08 Iron Casting
50:30 Hussar
52:11 Blast Furnace
52:41 Drill
54:11 Heavy Scorpion
55:28 Siege Engineers
57:00 Capped Ram
61:06 Heavy Camel Rider
Gabriel93
5:43 Loom
13:46 Feudal Age
14:52 Double-Bit Axe
16:31 Padded Archer Armor
18:35 Castle Age
16:51 Horse Collar
17:29 Fletching
19:37 Bow Saw
21:58 Gold Mining
23:44 Elite Skirmisher
25:50 Leather Archer Armor
27:34 Heavy Plow
28:50 Scale Mail Armor
32:59 Gold Shaft Mining
33:31 Ballistics
33:37 Thumb Ring
34:18 Bodkin Arrow
37:25 Wheelbarrow
38:00 Stone Mining
38:32 Hand Cart
39:17 Town Watch
42:51 Imperial Age
44:16 Crop Rotation
44:54 Chemistry
43:50 Heavy Mounted Crossbowman
44:43 Guard Tower
44:58 Cranequins
49:28 Scale Barding Armor
49:34 Forging
49:56 Ring Archer Armor
49:26 Bracer
50:35 Two-Man Saw
50:10 Cavalier
54:32 Chain Barding Armor
Euron
10:35 Loom
13:43 Feudal Age
15:35 Double-Bit Axe
17:14 Fletching
21:34 Castle Age
20:29 Padded Archer Armor
20:21 Gold Mining
24:07 Bow Saw
23:59 Bodkin Arrow
28:10 Town Watch
34:47 Bloodlines
34:38 Husbandry
35:15 Stone Mining
35:50 Leather Archer Armor
36:07 Thumb Ring
39:09 Wheelbarrow
39:12 Gold Shaft Mining
40:13 Hand Cart
40:34 Ballistics
46:23 Imperial Age
46:28 Town Patrol
46:44 Heavy Cavalry Archer
52:13 Bracer
53:22 Chemistry
54:12 Parthian Tactics
58:44 Scale Barding Armor
58:50 Forging
ggggidea
5:48 Loom
13:37 Feudal Age
14:13 Double-Bit Axe
15:15 Bloodlines
16:18 Forging
18:22 Scale Barding Armor
21:49 Horse Collar
24:48 Castle Age
25:11 Gold Mining
25:40 Bow Saw
26:07 Wheelbarrow
27:42 Heavy Plow
35:00 Hand Cart
34:45 Stone Mining
36:51 Husbandry
44:11 Imperial Age
41:30 Vendel Legacy
43:08 Stone Shaft Mining
45:10 Chain Barding Armor
45:26 Iron Casting
44:18 Cavalier
45:11 Town Watch
46:35 Plate Barding Armor
45:34 Elite Skirmisher
46:18 Town Patrol
47:22 Two-Man Saw
46:57 Crop Rotation
50:09 Blast Furnace
50:15 Light Cavalry
52:02 Conscription
57:39 Hussar
61:20 Capped Ram
DIYwoo
3:16 Loom
14:45 Feudal Age
15:32 Double-Bit Axe
18:14 Fletching
18:24 Padded Archer Armor
18:39 Forging
22:46 Castle Age
21:40 Scale Mail Armor
22:39 Stone Mining
22:39 Gold Mining
23:32 Crossbowman
23:42 Elite Skirmisher
27:40 Bow Saw
35:42 Wheelbarrow
36:42 Leather Archer Armor
37:15 Ballistics
37:36 Bodkin Arrow
39:49 Horse Collar
40:22 Thumb Ring
42:00 Hand Cart
45:35 Imperial Age
45:30 Husbandry
45:42 Bloodlines
46:17 Bracer
46:48 Ring Archer Armor
46:44 Paper Money
48:42 Chemistry
47:40 Imperial Skirmisher
55:18 Scale Barding Armor
55:49 Iron Casting
55:16 Chatras
56:32 Chain Barding Armor
57:24 Elite Battle Elephant
60:58 Plate Barding Armor
dong
5:42 Loom
13:59 Feudal Age
14:42 Double-Bit Axe
18:28 Castle Age
16:40 Gold Mining
18:59 Bloodlines
18:41 Horse Collar
19:31 Fletching
20:07 Bow Saw
20:48 Heavy Plow
23:54 Bodkin Arrow
24:04 Husbandry
26:11 Wheelbarrow
26:06 Ballistics
26:32 Gold Shaft Mining
26:06 Padded Archer Armor
33:04 Stone Mining
37:27 Imperial Age
36:13 Thumb Ring
36:40 Leather Archer Armor
38:14 Hand Cart
37:30 Heavy Mounted Crossbowman
37:52 Cranequins
39:21 Bracer
41:31 Chemistry
41:10 Ring Archer Armor
44:36 Guard Tower
44:33 Arrowslits
46:49 Keep
46:11 Murder Holes
46:27 Masonry
49:08 Hoardings
47:54 Shield Wall
48:31 Town Watch
48:54 Scale Barding Armor
48:50 Scale Mail Armor
49:00 Forging
60:52 Architecture
Lala Land
4:25 Loom
15:33 Feudal Age
22:55 Castle Age
20:43 Double-Bit Axe
20:39 Horse Collar
25:25 Wheelbarrow
32:53 Bow Saw
37:03 Stone Mining
38:14 Town Watch
38:31 Gold Mining
40:23 Hand Cart
40:20 Heavy Plow
45:38 Imperial Age
43:09 Town Patrol
43:17 Husbandry
43:28 Bloodlines
43:36 Scale Barding Armor
45:48 Chain Barding Armor
45:39 Forging
46:18 Ballistics
46:25 Murder Holes
46:17 Cavalier
48:20 Plate Barding Armor
48:21 Iron Casting
48:28 Fletching
48:53 Padded Archer Armor
48:55 Paladin
51:39 Blast Furnace
51:06 Conscription
52:14 Marauders
52:42 Caravan
53:15 Guilds
52:39 Elite Tarkan
57:16 Bodkin Arrow
Connection lost

Rejoining the realm…

Still unreachable

The connection could not be restored.

Session expired

The server has moved on; the page needs a fresh start.